 Dungeon Crawl Stone Soup version 0.30.1-3-gfc49f6343a (webtiles) character file.

Game seed: 4171174436400865639

68269 Cheops the Brawler (level 14, -1/225 HPs)
             Began as a Troll Fighter on July 31, 2023.
             Was an Elder of Wu Jian.
             Slain by a cane toad (15 damage)
             ... on level 5 of the Lair of Beasts.
             The game lasted 00:58:09 (18820 turns).

Cheops the Brawler (Troll Fighter)                 Turns: 18820, Time: 00:58:09

Health: -1/225     AC: 27    Str: 27    XL:     14   Next: 86%
Magic:  22/22      EV:  1    Int:  6    God:    Wu Jian [****..]
Gold:   373        SH: 11    Dex:  9    Spells: 13/13 levels left

rFire   + .          .
                       - Unarmed
rCold   . . .        b - +0 kite shield
rNeg    + . .        v - melded +0 troll leather armour
rPois   +            (helmet currently unavailable)
rElec   +            J - melded +0 cloak
rCorr   .            (gloves unavailable)
SInv    +            (boots unavailable)
Will    ++...        T - amulet of regeneration
Stlth   +            F - ring "Jyofav" {Wiz rPois rF+ Will+ MP+9}
HPRegen 2.17/turn    l - ring of Ru's Generosity {rElec rN+ Int-2 SInv}
MPRegen 0.18/turn

%: wizardry (x1)
@: tree-form, invisible
A: stationary, stasis, torment immunity, boosted hp, large, unfitting armour,
(claws 3), regeneration 1, (shaggy fur 1), (tough skin 1)
a: Renounce Religion, Wall Jump, Serpent's Lash


You were on level 5 of the Lair of Beasts.
You worshipped Wu Jian.
Wu Jian was greatly pleased with you.
You were a tree.
You visited 3 branches of the dungeon, and saw 19 of its levels.
You also visited: Bailey.

You collected 1276 gold pieces.
You spent 903 gold pieces at shops.

Inventory:

Hand Weapons
 c - the +10 war axe of Attainder {antimagic, rC+ SInv}
   (You found it on level 11 of the Dungeon)

   rC:        It protects you from cold.
   SInv:      It lets you see invisible.
 u - a +3 falchion of flaming
Missiles
 M - 2 throwing nets (quivered)
Armour
 b - a +0 kite shield (worn)
 r - a +1 robe of positive energy
 v - a +0 troll leather armour (melded)
 G - an orb of mayhem
 J - a +0 cloak (melded)
Jewellery
 i - a ring of flight
 l - the ring of Ru's Generosity (right branch) {rElec rN+ Int-2 SInv}
   (You found it on level 3 of the Dungeon)

   [ring of see invisible]

   Int:       It affects your intelligence (-2).
   rElec:     It insulates you from electricity.
   rN:        It protects you from negative energy.
   SInv:      It lets you see invisible.
 n - a ring of resist corrosion
 x - a +6 ring of strength
 F - the ring "Jyofav" (left branch) {Wiz rPois rF+ Will+ MP+9}
   (You acquired it on level 8 of the Dungeon)

   [ring of wizardry]

   It improves your spell success rate.
   rF:        It protects you from fire.
   rPois:     It protects you from poison.
   MP:        It affects your magic capacity (+9).
   Will:      It increases your willpower.
 H - the ring "Iciwn" {Fire Int+4 Dex+2 SInv}
   (You found it on level 3 of the Lair of Beasts)

   [ring of fire]

   It enhances your fire magic.
   Int:       It affects your intelligence (+4).
   Dex:       It affects your dexterity (+2).
   rF:        It protects you from fire.
   rC:        It makes you vulnerable to cold.
   SInv:      It lets you see invisible.
 K - a ring of protection from fire
 Q - a ring of wizardry
 R - the necklace of Bloodlust {Fury *Rage Will++ Int-3 Slay+6}
   (You bought it in a shop on level 4 of the Dungeon)

   [amulet of nothing]

   Fury:      It extends the wearer's berserk rage when killing foes.
   Int:       It affects your intelligence (-3).
   Slay:      It affects your accuracy & damage with ranged weapons and melee
   (+6).
   *Rage:     It berserks you when you make melee attacks (+50% chance).
   Will:      It greatly increases your willpower.
 T - an amulet of regeneration (around neck)
 X - an amulet of the acrobat
Wands
 k - a wand of flame (43)
 o - a wand of mindburst (18)
 y - a wand of paralysis (24)
 D - a wand of light (4)
 O - a wand of polymorph (4)
 U - a wand of roots (3)
Scrolls
 a - a scroll of silence
 e - 4 scrolls of blinking {unknown}
 f - 8 scrolls of teleportation
 g - 3 scrolls of immolation {unknown}
 h - 4 scrolls of enchant armour {unknown}
 m - 3 scrolls of magic mapping {unknown}
 q - 4 scrolls of fear {unknown}
 s - 2 scrolls of torment
 w - a scroll of enchant weapon
 L - a scroll of vulnerability
 P - 5 scrolls of noise
 V - a scroll of fog
Potions
 d - 2 potions of resistance
 j - 5 potions of curing
 p - 4 potions of ambrosia
 t - 5 potions of flight
 z - a potion of lignification
 A - 4 potions of attraction
 B - 5 potions of mutation
 C - 2 potions of magic {unknown}
 E - a potion of haste
 N - a potion of berserk rage


   Skills:
 + Level 12.5 Fighting
 - Level 5.0 Long Blades
 - Level 4.0 Axes
 - Level 2.4 Dodging
 + Level 11.1 Shields
 * Level 19.2 Unarmed Combat


You had 13 spell levels left.
You didn't know any spells.
Your spell library contained the following spells:

 Spells                   Type           Power      Damage    Failure   Level
 Necrotise                Necr           0%         1d4       30%         1
 Sandblast                Erth           0%         2d4       30%         1
 Slow                     Hex            0%         N/A       30%         1
 Sting                    Tmut/Pois      0%         1d3       30%         1
 Ensorcelled Hibernation  Hex/Ice        0%         N/A       41%         2
 Passwall                 Tmut/Erth      0%         N/A       41%         2
 Poisonous Vapours        Pois/Air       0%         N/A       41%         2
 Scorch                   Fire           0%         2d5       41%         2
 Static Discharge         Conj/Air       0%         2-2/arc   41%         2
 Call Canine Familiar     Summ           0%         N/A       65%         3
 Confusing Touch          Hex            0%         N/A       65%         3
 Hailstorm                Conj/Ice       0%         3d3       65%         3
 Inner Flame              Hex/Fire       0%         N/A       65%         3
 Portal Projectile        Hex/Tloc       0%         N/A       65%         3
 Stone Arrow              Conj/Erth      0%         3d7       65%         3
 Swiftness                Air            0%         N/A       65%         3
 Vampiric Draining        Necr           0%         2d6       65%         3
 Airstrike                Air            0%         2d(0-16)  95%         4
 Animate Armour           Summ/Erth      0%         N/A       95%         4
 Flame Wave               Conj/Fire      0%         2d4       95%         4
 Ice Form                 Ice/Tmut       0%         N/A       95%         4
 Leda's Liquefaction      Hex/Erth       0%         N/A       95%         4
 Olgreb's Toxic Radiance  Pois           0%         N/A       95%         4
 Summon Ice Beast         Ice/Summ       0%         N/A       95%         4
 Summon Lightning Spire   Summ/Air       0%         N/A       95%         4
 Agony                    Necr           0%         N/A       100%        5
 Summon Mana Viper        Hex/Summ       0%         N/A       100%        5
 Yara's Violent Unravell  Hex/Tmut       0%         3d3       100%        5
 Simulacrum               Ice/Necr       0%         N/A       100%        6
 Summon Cactus Giant      Summ           0%         N/A       100%        6
 Enfeeble                 Hex            0%         N/A       100%        7
 Monstrous Menagerie      Summ           0%         N/A       100%        7
 Lehudib's Crystal Spear  Conj/Erth      0%         10d2      100%        8


Dungeon Overview and Level Annotations

Branches:
Dungeon (13/15)            Temple (1/1) D:7            Lair (5/5) D:10
 Shoals (0/4) Lair:2       Spider (0/4) Lair:2          Orc (0/2) D:10
 Vaults (0/5) D:13         Bailey (visited)
  Slime: Lair:4-5

Altars:
Ashenzari
Cheibriados
Dithmenos
Elyvilon
Fedhas
Gozag
Hepliaklqana
Kikubaaqudgha
Makhleb
Nemelex Xobeh
Okawaru
Qazlal
Ru
Sif Muna
Trog
Uskayaw
Vehumet
Wu Jian
Xom
Yredelemnul
Zin
The Shining One

Shops:
D:2 [   D:4 =


Innate Abilities, Weirdness & Mutations

You are a tree.
Your roots penetrate the ground, keeping you stationary.
You cannot be teleported.
You are immune to unholy pain and torment.
Your maximum health is greatly increased.
Your equipment is partially melded.
You are too large for most types of armour.
((You have claws for hands.))
Your natural rate of healing is unusually fast.
((You are covered in fur. (AC +1)))
((You have tough skin. (AC +1)))


Message History

The blink frog is engulfed in poison gas.
The blink frog looks even sicker.
The bullfrog is engulfed in poison gas.
The bullfrog looks even sicker.
The blink frog is engulfed in poison gas.
The blink frog looks as sick as possible!
The tyrant leech is engulfed in poison gas.
The tyrant leech is poisoned.
The skyshark is engulfed in poison gas.
The skyshark looks as sick as possible!
Search for what [Enter for "potion && !!carried", or ? for help]?
Unknown command.
Unknown command.
Unknown command.
Okay, then.
Okay, then.
Unknown command.
Unknown command.
Unknown command.
As you read the scroll of identify, it crumbles to dust.
s - 2 scrolls of torment The blink frog hits you!
* * * LOW HITPOINT WARNING * * *
The blink frog looks as sick as possible!
The blink frog hits you but does no damage.
The blink frog blinks!
The blink frog is engulfed in poison gas.
The blink frog looks as sick as possible!
The cane toad stings you but does no damage.
The cane toad stings you!
* * * LOW HITPOINT WARNING * * *
The tyrant leech is engulfed in poison gas.
The tyrant leech looks even sicker.
The blink frog hits you but does no damage.
The blink frog is engulfed in poison gas.
The blink frog looks as sick as possible!
The blink frog blinks!
The blink frog looks even sicker.
The blink frog is engulfed in poison gas.
The blink frog looks as sick as possible!
Okay, then.
You feel better. The cane toad stings you!
You die...

######.## ###..#...####.#####
#.#.....# ##○☼○☼☼§☼○§§§§...#.####
........# #§§§○§§§§§§§§§....##..#
P.......###P§§☼○☼§§○§§☼§.........
.........§§§☼§§§§§§§§§§§.........
#...##...☼§○§☼§§§§§§§§§○.........
.....#...☼☼§§☼§§☼§§§§§§☼...P...#.
...P#....§§§F§§§†§☼☼§☼§○.....#..#
...###....#P§§lF♣F§§§§§○...##....
#..###...☼§§§§FF<§☼§§§§○........#
....#....§..§§☼DwFF#####.........
.......≈≈§☼.§§§§☼○F# # ##.......~
.......§#§≈☼§☼F§§☼.#.# #........≈
.......≈≈#≈§☼§§§§...## ##.......~
.......≈≈§§☼§☼§§§§..○# #.......~
.........☼§.F####§§.○☼.P.........
...##.....#### ...........P....P


You could see a skyshark (unable to see you, extremely poisoned), a six-headed
hydra (unable to see you), a tyrant leech (unable to see you, very poisoned), 4
cane toads, 4 blink frogs and 2 bullfrogs.

Vanquished Creatures
  The ghost of jsudlow the Grappler, a journeyman TrBe of Trog (Lair:3)
  Harold (Lair:1)
  An ice dragon (Lair:3)
  3 catoblepae
  8 vault guards (D:13)
  2 hydras
  A centaur warrior (D:13)
  5 death yaks
  A tengu warrior (D:13)
  3 two-headed ogres
  2 skysharks
  3 skeletal warriors
  A lindwurm (Lair:4)
  An ugly thing (D:13)
  Pikel (D:4)
  An orc sorcerer (Bailey)
  4 cyclopes
  2 manticores (D:13)
  A merfolk siren (Lair:2)
  A torpor snail (Lair:2)
  A black mamba (Lair:2)
  13 cane toads
  A gargoyle (D:12)
  2 unseen horrors (D:11)
  3 rime drakes
  13 komodo dragons
  5 kobold demonologists
  4 trolls
  Prince Ribbit (D:9)
  2 polar bears
  24 blink frogs
  7 dream sheep (Lair:4)
  Sigmund (D:3)
  4 slime creatures (D:12)
  2 shadows
  9 wyverns
  4 wraiths
  42 yaks
  6 basilisks
  2 steam dragons
  11 vampire mosquitoes
  2 acid dragons
  A hydra simulacrum (Lair:3)
  7 water moccasins
  Duvessa (D:6)
  24 orc warriors
  3 ice beasts
  A boulder beetle simulacrum (Lair:3)
  3 ogres
  4 wolves (Lair:2)
  12 centaurs
  2 phantoms (D:4)
  Blork the orc (D:4)
  8 bullfrogs
  6 kobold brigands
  2 gnoll sergeants
  2 scorpions
  A skyshark simulacrum (Lair:3)
  4 wights (D:7)
  Dowan (D:6)
  A blink frog simulacrum (Lair:3)
  2 dream sheep simulacra (Lair:3)
  3 howler monkeys
  A rime drake simulacrum (Lair:3)
  13 electric eels
  2 jellies (D:6)
  10 orc priests
  5 hounds
  3 gnoll boudas
  3 iguanas (D:5)
  3 sleepcaps
  11 orc wizards
  A polar bear simulacrum (Lair:3)
  15 gnolls
  4 adders
  2 shadow imps (D:7)
  An ufetubus (D:6)
  2 worms
  2 dart slugs
  85 orcs
  7 ball pythons
  5 bats
  5 endoplasms
  4 giant cockroaches
  13 goblins
  8 hobgoblins
  3 jackals (D:2)
  2 quokkas
  3 frilled lizards
  32 kobolds
  8 rats
  2 butterflies (Lair:1)
546 creatures vanquished.

Notes
Turn   | Place    | Note
-------+----------+-------------------------------------------
     0 | D:1      | Cheops the Troll Fighter began the quest for the Orb.
     0 | D:1      | Reached XP level 1. HP: 22/22 MP: 0/0
    78 | D:1      | Reached XP level 2. HP: 29/29 MP: 1/1
   147 | D:1      | You fall into a shaft and drop 1 floor!
   170 | D:2      | Reached skill level 3 in Unarmed Combat
   496 | D:2      | Found Rufel's Armour Shoppe.
  1009 | D:2      | Reached XP level 3. HP: 36/36 MP: 2/2
  1263 | D:3      | Found a shimmering blue altar of Sif Muna.
  1302 | D:3      | Reached skill level 4 in Unarmed Combat
  1306 | D:3      | Noticed Sigmund
  1329 | D:3      | Killed Sigmund
  1330 | D:3      | Reached skill level 6 in Unarmed Combat
  1330 | D:3      | Reached XP level 4. HP: 32/44 MP: 3/3
  1330 | D:3      | Reached XP level 5. HP: 37/50 MP: 4/4
  1611 | D:3      | Identified the ring of Ru's Generosity {rElec rN+ Int-2
                  | SInv}
  1760 | D:3      | Found a bloodstained altar of Trog.
  2128 | D:4      | Noticed a lemure
  2129 | D:4      | Noticed Pikel
  2129 | D:4      | Noticed a lemure
  2131 | D:4      | Noticed a lemure
  2131 | D:4      | Noticed a lemure
  2143 | D:4      | Killed Pikel
  2144 | D:4      | Reached skill level 7 in Unarmed Combat
  2144 | D:4      | Reached XP level 6. HP: 46/61 MP: 5/5
  2144 | D:4      | Reached XP level 7. HP: 51/67 MP: 6/6
  2197 | D:4      | Reached skill level 8 in Unarmed Combat
  2316 | D:4      | Noticed Blork the orc
  2327 | D:4      | Killed Blork the orc
  2359 | D:4      | Found Ceem's Jewellery Shoppe.
  2490 | D:4      | Reached XP level 8. HP: 69/75 MP: 7/7
  2743 | D:5      | Entered Level 5 of the Dungeon
  3095 | D:4      | Reached skill level 9 in Unarmed Combat
  3193 | D:5      | Noticed a troll
  3287 | D:5      | Killed a troll
  3288 | D:5      | Reached skill level 5 in Shields
  3383 | D:5      | Reached XP level 9. HP: 54/85 MP: 8/8
  3557 | D:5      | Reached skill level 5 in Fighting
  3557 | D:5      | Reached skill level 10 in Unarmed Combat
  3571 | D:5      | Found a snail-covered altar of Cheibriados.
  3821 | D:6      | Identified the +1 leather armour "Junish" {rCorr Str+5
                  | Int-2}
  3880 | D:6      | Noticed Duvessa
  3883 | D:6      | Noticed Dowan
  3894 | D:6      | Killed Duvessa
  3901 | D:6      | Killed Dowan
  4860 | D:7      | Reached skill level 11 in Unarmed Combat
  4946 | D:7      | Found a sparkling altar of Nemelex Xobeh.
  4952 | D:7      | Found a hide-covered altar of Uskayaw.
  5076 | D:7      | Found a radiant altar of Vehumet.
  5235 | D:7      | Found a staircase to the Ecumenical Temple.
  5291 | Temple   | Entered the Ecumenical Temple
  5350 | D:7      | Reached XP level 10. HP: 77/102 MP: 9/9
  6249 | D:8      | Noticed a two-headed ogre
  6259 | D:8      | Killed a two-headed ogre
  6454 | D:8      | Reached skill level 12 in Unarmed Combat
  6689 | D:9      | Noticed Prince Ribbit
  6706 | D:9      | Killed Prince Ribbit
  6764 | D:9      | Found a flagged portal.
  6780 | Bailey   | Entered a bailey
  7000 | Bailey   | Noticed an orc sorcerer
  7031 | Bailey   | Killed an orc sorcerer
  7412 | Bailey   | Found an iron altar of Okawaru.
  7467 | Bailey   | Reached skill level 13 in Unarmed Combat
  7470 | Bailey   | Reached XP level 11. HP: 113/113 MP: 10/10
  7601 | D:8      | Reached skill level 15 in Unarmed Combat
  7601 | D:8      | Reached XP level 12. HP: 122/122 MP: 11/11
  7602 | D:8      | Acquired the ring "Jyofav" {Wiz rPois rF+ Will+ MP+9}
  7832 | D:9      | Found an ornate altar of the Wu Jian Council.
  7835 | D:9      | Found a sacrificial altar of Ru.
  7839 | D:9      | Found an iron altar of Okawaru.
  7839 | D:9      | Found a stormy altar of Qazlal.
  7986 | D:9      | Became a worshipper of the Wu Jian Council
  8184 | D:10     | Entered Level 10 of the Dungeon
  8402 | D:10     | Found a white marble altar of Elyvilon.
  8403 | D:10     | Found a glowing golden altar of the Shining One.
  8404 | D:10     | Found a glowing silver altar of Zin.
  8541 | D:10     | Reached skill level 16 in Unarmed Combat
  8569 | D:10     | Reached * piety under Wu Jian
  8570 | D:10     | Noticed a two-headed ogre
  8585 | D:10     | Killed a two-headed ogre
  8614 | D:10     | Found a staircase to the Orcish Mines.
  9042 | D:10     | Found a staircase to the Lair.
  9322 | D:11     | Reached skill level 1 in Long Blades
  9357 | D:11     | Reached ** piety under Wu Jian
  9643 | D:11     | Identified the +10 war axe of Attainder {antimagic, rC+
                  | SInv}
 10157 | D:12     | Reached skill level 1 in Axes
 10965 | D:4      | Bought the necklace of Bloodlust {Fury *Rage Will++ Int-3
                  | Slay+6} for 543 gold pieces
 10965 | D:4      | Found the necklace of Bloodlust {Fury *Rage Will++ Int-3
                  | Slay+6}
 11217 | D:13     | Reached skill level 10 in Fighting
 11223 | D:13     | Reached *** piety under Wu Jian
 11232 | D:13     | Noticed a two-headed ogre
 11242 | D:12     | Reached XP level 13. HP: 68/133 MP: 12/12
 11677 | D:13     | Found a gate to the Vaults.
 11690 | D:13     | Reached skill level 17 in Unarmed Combat
 11724 | D:13     | HP: 1/137 [vault guard/+0 war axe (17)]
 12431 | D:4      | Bought an amulet of regeneration for 360 gold pieces
 12696 | Lair:1   | Entered Level 1 of the Lair of Beasts
 12833 | Lair:1   | Reached **** piety under Wu Jian
 13345 | Lair:1   | Noticed Harold
 13353 | Lair:1   | Killed Harold
 14156 | Lair:2   | Reached skill level 10 in Shields
 14162 | Lair:2   | Reached skill level 18 in Unarmed Combat
 14276 | Lair:2   | Reached XP level 14. HP: 103/148 MP: 13/13
 14379 | Lair:2   | Found a hole to the Spider Nest.
 14694 | Lair:2   | Found a staircase to the Shoals.
 14816 | Lair:2   | Reached ***** piety under Wu Jian
 15754 | Lair:3   | Found a runed translucent gate.
 15759 | Lair:3   | Found a runed translucent gate.
 15762 | Lair:3   | Found a runed translucent gate.
 16151 | Lair:3   | Noticed jsudlow's ghost (journeyman TrBe)
 16265 | Lair:3   | Reached skill level 5 in Long Blades
 16328 | Lair:3   | Killed jsudlow's ghost
 16332 | Lair:3   | Got the ring "Iciwn" {Fire Int+4 Dex+2 SInv}
 18338 | Lair:5   | Entered Level 5 of the Lair of Beasts
 18461 | Lair:4   | Reached skill level 19 in Unarmed Combat
 18807 | Lair:5   | HP: 9/225 [blink frog (7)]
 18807 | Lair:5   | HP: 4/225 [cane toad (5)]
 18812 | Lair:5   | HP: 6/225 [blink frog (11)]
 18819 | Lair:5   | HP: 2/225 [cane toad (16)]
 18820 | Lair:5   | Slain by a cane toad

Illustrated notes

Levels and vault maps discovered:
D:1:      psy_arrival_statuary, layout_rooms, hex_large,
          kennysheep_decorative_pillar
D:2:      layout_basic, serial_shops, shop
D:3:      layout_loops_cross, mainiacjoe_overflow_concentric_impassable,
          lemuel_coloured_pillars_altar, kennysheep_generic_room_15,
          uniq_sigmund
D:4:      cheibrodos_helix_gallery, layout_basic, serial_shops, shop,
          uniq_pikel, uniq_blork_the_orc
D:5:      layout_cave_pools, slow_altar_2, minmay_manual_mandibuliform
D:6:      layout_basic, uniq_duvessa
D:7:      layout_layer_cave, mainiacjoe_overflow_alcove_1,
          mainiacjoe_overflow_catwalk_spiral, minmay_temple_entry_antechambers
D:8:      layout_cave_pools, special_room [special_room_orc]
D:9:      layout_roguey, minitemple, enter_bailey_5, uniq_prince_ribbit1
D:10:     layout_long_grid, good_gods_temple_1, erik_lair_dragon,
          hiddenorc2_lemuel
D:11:     layout_basic
D:12:     layout_rooms
D:13:     layout_layer_cave, erik_vaults_2, gauntlet_entry_generic
Temple:   nicolae_temple_ecumenical_triangle
Lair:1:   layout_gridlike, grunt_megastairs_3, serial_bayou_shore_a,
          lemuel_fruit_fields, uniq_harold
Lair:2:   layout_regular_city, elwin_shoals_entry_rooms, dummy_spider_entry,
          minmay_holes, infiniplex_staircase_pool_2
Lair:3:   layout_layer_cave, gammafunk_ghost_icy
Lair:4:   layout_hall_layers, serial_bayou_shore_b, lemuel_fruit_fields
Lair:5:   minmay_lair_end_frog_pond, layout_gridlike,
          nicolae_slime_entry_field_trip, ebering_ghost_rock_garden, basic_altar

Skill      XL: |  1  2  3  4  5  6  7  8  9 10 11 12 13 14 |
---------------+-------------------------------------------+-----
Unarmed Combat | 3 6 7 8 9 11 13 15 16 18 19 | 19.2
Fighting       | 3 4 7 8 10 11 12 | 12.5
Shields        | 3 5 6 7 8 10 11 | 11.1
Long Blades    | 4 5 |  5.0
Axes           | 4 |  4.0
Dodging        | |  2.4

Action                     |  1- 3 |  4- 6 |  7- 9 | 10-12 | 13-15 || total
---------------------------+-------+-------+-------+-------+-------++-------
  Melee: Unarmed           |    92 |    45 |   318 |   537 |   606 ||  1598
         Falchion          |       |       |       |       |     6 ||     6
 Invoke: Heavenly Storm    |       |       |       |       |     1 ||     1
Ability: Lunge             |       |       |       |    17 |    33 ||    50
         Whirlwind         |       |       |       |     4 |    19 ||    23
         Wall Jump         |       |       |       |       |     3 ||     3
  Evoke: Wand              |       |       |       |       |     1 ||     1
    Use: Potion            |     1 |       |       |     2 |    11 ||    14
         Scroll            |       |       |     6 |     8 |    11 ||    25
   Stab: Sleeping          |     4 |       |       |       |       ||     4
         Petrified         |       |       |       |       |     2 ||     2
 Armour: Robe              |    23 |    11 |    32 |       |       ||    66
         Troll leather arm |       |       |    46 |    72 |   112 ||   230
         Skin              |       |       |       |       |    26 ||    26
  Dodge: Dodged            |    29 |    13 |   100 |   147 |   171 ||   460
  Block: Kite shield       |    38 |    12 |   124 |   229 |   282 ||   685
